 Dungeon Crawl Stone Soup version 0.30-b1-2-g02819fbbbe (webtiles) character file.

Game seed: 10308603246974563861

191 sanka the Ducker (level 5, -1/32 HPs)
             Began as a Tengu Enchanter on May 8, 2023.
             Killed from afar by an orc wizard (8 damage)
             ... with a magic dart
             ... on level 4 of the Dungeon.
             The game lasted 00:04:42 (2853 turns).

sanka the Ducker (Tengu Enchanter)                  Turns: 2853, Time: 00:04:43

Health: -1/32      AC:  3    Str:  7 (9)  XL:     5   Next: 70%
Magic:  9/9        EV: 16    Int: 16 (17) God:
Gold:   158        SH:  0    Dex: 14      Spells: 6/8 levels left

rFire   . . .        a - +0 dagger (venom)
rCold   . . .        (no shield)
rNeg    . . .        p - +0 robe
rPois   .            (helmet restricted)
rElec   .            l - +0 cloak
rCorr   .            (no gloves)
SInv    .            (boots unavailable)
Will    .....        (no amulet)
Stlth   ++           (no ring)
HPRegen 0.25/turn    (no ring)
MPRegen 0.11/turn

%: no passive effects
@: flying quickly and evasively, quick
A: beak, talons 3, nimble flight
a: no special abilities


You were on level 4 of the Dungeon.
You visited 1 branch of the dungeon, and saw 4 of its levels.

You collected 158 gold pieces.

Inventory:

Hand Weapons
 a - a +0 dagger of venom (weapon)
 b - a +0 dire flail
 d - a +1 dagger
Armour
 l - a +0 cloak (worn)
 p - a +0 robe (worn)
Wands
 f - a wand of iceblast (2)
Scrolls
 e - a scroll of summoning {unknown}
 g - 5 scrolls of identify {unknown}
 h - 4 scrolls of teleportation {unknown}
 i - a scroll of fear {unknown}
 j - a scroll of noise {unknown}
 m - 3 scrolls of poison {unknown}
 o - a scroll of acquirement {unknown}
Potions
 c - 2 potions of invisibility
 k - a potion of heal wounds {unknown}
 n - a potion of cancellation {unknown}
 q - 2 potions of curing {@q1}
 r - a potion of resistance {unknown}


   Skills:
 + Level 3.5 Fighting
 - Level 1.1 Short Blades
 + Level 4.6 Dodging
 - Level 3.0 Stealth
 - Level 2.0 Spellcasting
 - Level 2.1 Hexes


You had 6 spell levels left.
You knew the following spells:

 Your Spells              Type           Power      Damage    Failure   Level
a - Ensorcelled Hibernat  Hex/Ice        10%        N/A       21%         2

Your spell library contained the following spells:

 Spells                   Type           Power      Damage    Failure   Level
 Confusing Touch          Hex            8%         N/A       26%         3
 Tukima's Dance           Hex            8%         N/A       26%         3
 Dazzling Flash           Conj/Hex       10%        N/A       36%         3


Dungeon Overview and Level Annotations

Branches:
Dungeon (4/15)
 Temple: D:4-7

Altars:

Shops:
D:1 =


Innate Abilities, Weirdness & Mutations

You have a beak for a mouth.
You have claws for feet.
Your magical nature lets you fly swiftly and evasively.


Message History

The orc priest barely misses you. The orc wizard barely misses you.
You feel better.
The orc wizard hits you with a +0 dagger.
The orc priest hits you with a +0 club. The orc hits you with a +0 short sword.
Unknown command.
You hit the orc priest but do no damage.
The orc priest is poisoned.
You peck the orc priest, but do no damage.
The orc wizard hits you with a +0 dagger.
The orc hits you with a +0 short sword. The orc priest misses you.
You hit the orc priest but do no damage.
Your kick misses the orc priest. The orc priest hits you with a +0 club.
The orc misses you.
The orc wizard hits you with a +0 dagger.
You hit the orc priest.
The orc priest looks as sick as possible!
Your kick misses the orc priest.
You peck the orc priest, but do no damage.
The orc priest is lightly wounded.
The orc priest closely misses you. The orc hits you but does no damage.
The orc wizard hits you with a +0 dagger.
The orc wizard hits you with a +0 dagger.
You hit the orc wizard but do no damage.
The orc wizard is poisoned.
Your kick misses the orc wizard. Your peck misses the orc wizard.
The orc priest closely misses you.
The orc wizard hits you but does no damage.
You hit the orc wizard.
The orc wizard looks as sick as possible!
You peck the orc wizard.
The orc wizard is heavily wounded.
You kill the orc priest!
The orc wizard hits you with a +0 dagger.
You feel your intelligence returning.
You hit the orc wizard. Your kick misses the orc wizard.
The orc wizard is severely wounded.
The orc hits you with a +0 short sword.
* * * LOW HITPOINT WARNING * * *
The orc wizard gestures at you while chanting.
The magic dart hits you!
You die...

####...........
#............<...
................
...............
#............!. ###
#..............
....######....>.<.......
..!......#.......>......
#...@o..........##..#
#####o..#.#.###.# .
#..............#
......$####...#..####
####### #..#.....###
#......####.....####.
...###### ###........
#####)...###. #...<....#


You could see an orc wizard (extremely poisoned) and an orc.

Vanquished Creatures
  2 orc priests
  An orc wizard (D:4)
  5 adders
  A worm (D:3)
  8 orcs
  3 bats
  3 endoplasms
  4 giant cockroaches
  7 goblins
  6 hobgoblins
  A quokka (D:1)
  A ball python (D:2)
  3 frilled lizards
  5 kobolds
  4 rats
54 creatures vanquished.

Notes
Turn   | Place    | Note
-------+----------+-------------------------------------------
     0 | D:1      | sanka the Tengu Enchanter began the quest for the Orb.
     0 | D:1      | Reached XP level 1. HP: 10/10 MP: 4/4
   126 | D:1      | Reached skill level 1 in Fighting
   126 | D:1      | Reached XP level 2. HP: 16/16 MP: 6/6
   305 | D:1      | Found Itaberurgh's Jewellery Shop.
   569 | D:2      | Reached skill level 3 in Dodging
   569 | D:2      | Reached XP level 3. HP: 4/21 MP: 7/7
  1005 | D:2      | Learned a level 2 spell: Ensorcelled Hibernation
  1665 | D:3      | Reached XP level 4. HP: 5/26 MP: 8/8
  2408 | D:3      | Reached skill level 4 in Dodging
  2603 | D:3      | Gained mutation: Your magical nature lets you fly swiftly
                  | and evasively. [Tengu growth]
  2603 | D:3      | Reached XP level 5. HP: 13/32 MP: 9/9
  2853 | D:4      | Killed from afar by an orc wizard

Illustrated notes

Levels and vault maps discovered:
D:1:      shiori_arrival_oz, layout_rooms, serial_shops, nicolae_lakefront_shop
D:2:      layout_basic
D:3:      layout_basic, minivault_25
D:4:      layout_rooms, lexackson_kobold_supper

Skill      XL: |  1  2  3  4 |
---------------+-------------+-----
Fighting       | 1 2 3 |  3.5
Dodging        | 3 4 |  4.6
Short Blades   | |  1.1
Stealth        | |  3.0
Spellcasting   | |  2.0
Hexes          | |  2.1

Action                     |  1- 3 |  4- 6 || total
---------------------------+-------+-------++-------
  Melee: Dagger            |    99 |    75 ||   174
         Kick              |    21 |    23 ||    44
         Peck              |    19 |    19 ||    38
         Punch             |       |     2 ||     2
    Use: Potion            |     3 |     1 ||     4
   Stab: Sleeping          |     2 |       ||     2
         Distracted        |     1 |       ||     1
 Armour: Robe              |    14 |    13 ||    27
  Dodge: Dodged            |    50 |    54 ||   104
